 Dungeon Crawl Stone Soup version 0.27-a0-1140-g099f9bb0e8 (webtiles) character file.

Game seed: 7910837597626811998

56 DasRunzen the Slasher (level 3, -1/28 HPs)
             Began as a Demonspawn Gladiator on May 10, 2021.
             Killed by divine providence
             ... invoked by an orc priest
              (13 damage)
             ... on level 2 of the Dungeon.
             The game lasted 00:01:52 (1759 turns).

DasRunzen the Slasher (Demonspawn Gladiator)        Turns: 1759, Time: 00:01:53

Health: -1/28      AC:  3    Str: 14    XL:     3   Next: 69%
Magic:  3/3        EV: 12    Int: 10    God:
Gold:   88         SH:  8    Dex: 14    Spells: 2/2 levels left

rFire    . . .     SeeInvis .   a - +1 long sword
rCold    . . .     Faith    .   c - +0 buckler
rNeg     . . .     Spirit   .   b - +0 leather armour
rPois    .         Reflect  .   (helmet restricted)
rElec    .         Harm     .   (no cloak)
rCorr    .         Rampage  .   (no gloves)
Will     .....                  (no boots)
Stlth    +.........             (no amulet)
HPRegen  0.09/turn              (no ring)
MPRegen  0.08/turn              (no ring)

@: no status effects
A: antennae 1, large bone plates 1
a: no special abilities


You were on level 2 of the Dungeon.
You visited 1 branch of the dungeon, and saw 2 of its levels.

You collected 88 gold pieces.

Inventory:

Hand Weapons
 a - a +1 long sword (weapon)
Missiles
 d - 3 throwing nets (quivered)
Armour
 b - a +0 leather armour (worn)
 c - a +0 buckler (worn)
Potions
 e - a potion of invisibility {unknown}
 f - a potion of heal wounds {unknown}
 i - a potion of curing


   Skills:
 + Level 2.5 Fighting
 + Level 3.1 Long Blades
 - Level 1.7 Throwing
 + Level 1.1 Armour
 + Level 3.1 Dodging
 + Level 0.9 Shields


You had 2 spell levels left.
You didn't know any spells.
Your spell library was empty.

Dungeon Overview and Level Annotations

Branches:
Dungeon (2/15)

Altars:


Innate Abilities, Weirdness & Mutations

You have a pair of small antennae on your head.
You are partially covered in large bone plates. (SH +4)


Message History

An orc priest comes into view. It is wielding a +0 morningstar.
The orc priest shouts!
An orc comes into view. It is wielding a +0 hand axe.
The orc shouts!
You block the orc's attack.
You barely miss the orc. The orc hits you with a +0 club.
You hit the orc.
The orc is moderately wounded.
The orc closely misses you.
You barely miss the orc.
The orc is moderately wounded.
The orc priest invokes the aid of Beogh against you.
Beogh smites you! You block the orc's attack.
You hit the orc.
The orc is almost dead.
The orc closely misses you.
You hit the orc but do no damage.
The orc is almost dead.
The orc completely misses you.
You riposte.
You hit the orc.
You kill the orc!
You barely miss the orc. The orc hits you with a +0 club.
You are too injured to fight recklessly!
You are too injured to fight recklessly!
You are too injured to fight recklessly!
You are too injured to fight recklessly!
You closely miss the orc. The orc hits you with a +0 club.
You block the orc's attack.
You closely miss the orc. You block the orc's attack.
You hit the orc.
The orc is heavily wounded.
You block the orc's attack.
You hit the orc but do no damage.
The orc is heavily wounded.
You block the orc's attack. The orc closely misses you.
You barely miss the orc.
The orc is heavily wounded.
You block the orc's attack.
The orc priest mumbles some strange prayers to Beogh against you.
Beogh smites you!
You die...

..#.##.# ##.#.#
.##.##.# #.#.#
..#.##.# #.#.#
....##.######.#.#
..............#.#
.......########.#
.....### #.##
.....# #..#
....## ##@# ...##
#o# ..## #o# ###
#o# # #.# # #.# .
#.# . #.# .#


You could see an orc priest and 2 orcs.

Vanquished Creatures
  An adder (D:2)
  2 dart slugs
  An orc (D:2)
  3 bats
  2 endoplasms
  3 goblins
  2 hobgoblins
  8 jackals
  2 quokkas (D:1)
  3 ball pythons
  6 frilled lizards
  2 kobolds (D:1)
  3 rats (D:1)
38 creatures vanquished.

Notes
Turn   | Place    | Note
-------+----------+-------------------------------------------
     0 | D:1      | DasRunzen the Demonspawn Gladiator began the quest for the
                  | Orb.
     0 | D:1      | Reached XP level 1. HP: 16/16 MP: 1/1
     2 | D:1      | Noticed a demigod
     2 | D:1      | Noticed a formicid
     4 | D:1      | Noticed a spriggan
     4 | D:1      | Noticed an elf
     6 | D:1      | Noticed a draconian
     8 | D:1      | Noticed a demonspawn
     8 | D:1      | Noticed a minotaur
    10 | D:1      | Noticed a barachi
    10 | D:1      | Noticed a tengu
    12 | D:1      | Noticed a dwarf
    12 | D:1      | Noticed an ogre
    14 | D:1      | Noticed a gargoyle
    16 | D:1      | Noticed a human
    16 | D:1      | Noticed a naga
    18 | D:1      | Noticed a felid
    18 | D:1      | Noticed a vampire
    20 | D:1      | Noticed a troll
    20 | D:1      | Noticed a vine stalker
    22 | D:1      | Noticed a merfolk
    22 | D:1      | Noticed a ghoul
    24 | D:1      | Noticed a palentonga
    26 | D:1      | Noticed a centaur
    26 | D:1      | Noticed an octopode
   185 | D:1      | Gained mutation: You have a pair of small antennae on your
                  | head. [demonic ancestry]
   185 | D:1      | Reached XP level 2. HP: 17/22 MP: 2/2
   348 | D:1      | Found a faded altar of an unknown god.
  1222 | D:1      | Gained mutation: You are partially covered in large bone
                  | plates. (SH +4) [demonic ancestry]
  1222 | D:1      | Reached XP level 3. HP: 9/28 MP: 3/3
  1504 | D:2      | Reached skill level 1 in Armour
  1759 | D:2      | Killed from afar by an orc priest

Illustrated notes

Levels and vault maps discovered:
D:1:      kb_arrival_jail, layout_loops_ring, shapermc_ecumenical_altar_venn
D:2:      layout_loops_ring

Skill      XL: |  1  2  3 |
---------------+----------+-----
Long Blades    | 3 |  3.1
Dodging        | 3 |  3.1
Armour         | 1 |  1.1
Fighting       | |  2.5
Throwing       | |  1.7
Shields        | |  0.9

Action                   || total
-------------------------++-------
Melee: Long sword        ||   120
  Use: Scroll            ||     4
Armor: Leather armour    ||    41
Dodge: Dodged            ||    78
Block: Buckler           ||    41
       Rpst.: Long sword ||    27

Table legend: (Time is in decaauts)
 A = Elapsed time spent in this place.
 B = Non-inter-level travel time spent in this place.
 C = Inter-level travel time spent in this place.
 D = Time resting spent in this place.
 E = Time spent auto-exploring this place.
 F = Levels seen in this place.
 G = Mean time per level.
                   A        B        C        D        E       F      G
               +--------+--------+--------+--------+--------+-----+--------+
         Total |   1797 |   1723 |     74 |    191 |   1234 |   2 |  898.5 |
       Dungeon |   1797 |   1723 |     74 |    191 |   1234 |   2 |  898.5 |
               +--------+--------+--------+--------+--------+-----+--------+

Top non-repeatable levels by time:
     D:1: 1446 daAuts
     D:2: 350 daAuts
